 Dungeon Crawl Stone Soup version 0.17.2-1-ge4368a0 (webtiles) character file.

12 Charly the Grasshopper (level 2, -1/15 HPs)
             Began as a Vine Stalker Warper on July 9, 2017.
             Slain by a kobold
             ... wielding a +0 whip
              (2 damage)
             ... on level 3 of the Dungeon.
             The game lasted 00:01:43 (146 turns).

Charly the Grasshopper (Vine Stalker Warper)         Turns: 146, Time: 00:01:43

Health: -1/15      AC:  3    Str: 13    XL:     2   Next: 33%
Magic:  0/6        EV: 11    Int: 13    God:
Gold:   5          SH:  0    Dex: 13    Spells: 3 memorised, 0 levels left

rFire  . . .     SeeInvis .       - Unarmed
rCold  . . .     Clarity  .     a - +0 leather armour
rNeg   . . .     SustAt   .     (no shield)
rPois  .         Gourm    .     (no helmet)
rElec  .         Spirit   +     (no cloak)
rCorr  .         Warding  .     (no gloves)
rMut   .         Stasis   .     (no boots)
MR     .....                    (no amulet)
Stlth  +.........               (no ring)
                                (no ring)

@: not resistant to hostile enchantments, very unstealthy
A: fangs 2, regeneration 1, magic shield, antimagic bite, no device heal 3, rot
immunity
a: no special abilities


You were on level 3 of the Dungeon.
You were not hungry.

You visited 1 branch of the dungeon, and saw 3 of its levels.

You collected 5 gold pieces.

Inventory:

Missiles
 d - 5 tomahawks of dispersal (quivered)
Armour
 a - a +0 leather armour (worn)
Scrolls
 c - a scroll of blinking
 h - 2 scrolls of identify {unknown}
 i - a scroll of teleportation {unknown}
Potions
 f - a potion of curing {unknown}
 g - a potion of agility {unknown}
 j - a potion of flight {unknown}
 k - a potion of heal wounds {unknown}
Books
 b - a book of Spatial Translocations

   Spells                             Type                      Level
   a - Apportation                    Translocation                1
   b - Blink                          Translocation                2
   c - Shroud of Golubria             Charms/Translocation         2
   d - Portal Projectile              Translocation                3
   e - Teleport Other                 Translocation                3
   f - Passage of Golubria            Translocation                4
Comestibles
 e - a bread ration


   Skills:
 - Level 1.7 Fighting
 - Level 0.8 Throwing
 - Level 0.7 Armour
 - Level 1.5 Dodging
 + Level 2.9 Unarmed Combat
 - Level 2.1 Spellcasting
 - Level 3.0 Translocations


You couldn't memorise any spells.
You knew the following spells:

 Your Spells              Type           Power        Failure   Level  Hunger
a - Apportation           Tloc           #.........   12%         1    ##.....
b - Blink                 Tloc           N/A          14%         2    ###....
g - Shroud of Golubria    Chrm/Tloc      #.........   28%         2    ###....


Dungeon Overview and Level Annotations

Branches:
Dungeon (3/15)

Altars:


Innate Abilities, Weirdness & Mutations

You have extremely sharp teeth.
Your natural rate of healing is unusually fast.
When hurt, damage is shared between your health and your magic reserves.
Your bite disrupts and absorbs the magic of your enemies.
Potions and wands cannot restore your health.
You are immune to rotting.


Message History

You hit the kobold but do no damage.
The kobold is heavily wounded.
You closely miss the kobold.
The kobold is heavily wounded.
The kobold hits you with a whip.
* * * LOW HITPOINT WARNING * * *
You barely miss the kobold.
The kobold is heavily wounded.
The kobold closely misses you.
You hit the kobold. You bite the kobold, but do no damage.
The kobold is severely wounded.
The kobold misses you.
You hit the kobold but do no damage.
The kobold is severely wounded.
The kobold hits you with a whip.
* * * LOW HITPOINT WARNING * * *
You closely miss the kobold. You bite the kobold, but do no damage.
The kobold is severely wounded.
The kobold hits you with a whip.
You die...

## .## .. ...# ..
#..# #. #S.# . #.
#..###.. ..( #.
#..... .
###..#.##..###..#
!?#...K@........#
($#...###<.####.
!!#.. #.....#
###. ...##.# ..(
..... .. ..
>###.## #$ # #.
.# # .# .#


You could see a kobold.

Vanquished Creatures
  A giant gecko (D:1)
  2 bats (D:1)
  3 goblins (D:1)
  A hobgoblin (D:1)
  2 kobolds (D:1)
  A rat (D:1)
10 creatures vanquished.

Notes
Turn   | Place    | Note
--------------------------------------------------------------
     0 | D:1      | Charly the Vine Stalker Warper began the quest for the Orb.
     0 | D:1      | Reached XP level 1. HP: 11/11 MP: 4/4
    60 | D:1      | Reached XP level 2. HP: 15/15 MP: 6/6
    74 | D:1      | Learned a level 2 spell: Blink
    77 | D:1      | Learned a level 2 spell: Shroud of Golubria
   146 | D:3      | Slain by a kobold

Action                   || total
-------------------------++-------
Melee: Unarmed           ||    49
  Eat: Pizza             ||     1
